Map: Ever Dream LE

Players

Rail

  • Race: Protoss Protoss
  • League: Grandmaster
  • Spawn Location: 7:00

MarineLorD - Winner!

  • Race: Terran Terran
  • Spawn Location: 1:00

Event: DreamHack SC2 Masters 2020 Summer Europe

VOD

Have the link to the VOD?

Description

Time

  • Played on: July 2, 2020, 10:53 a.m.
  • Length: 13:52

All games in this series

Show
View Real Time Build Order
Export as new Build Order

Rail Protoss 

Build Orders: 1 Gate Expand, Blink Stalkers 

Get SALT Encoding   

  12  0:00  Probe  
  13  0:13  Probe  
  14  0:18  Pylon  
  14  0:24  Probe  
  15  0:32  Probe  
  15  0:37  Gateway  
  15  0:41  Probe  
  16  0:43  Assimilator  
  17  0:52  Probe  
  18  1:04  Probe  
  19  1:18  Nexus  
  19  1:27  Cybernetics Core  
  19  1:30  Probe  
  20  1:35  Assimilator  
  20  1:42  Probe  
  20  1:44  Pylon  
  21  1:54  Probe  
  22  1:55  Sentry  
  22  2:06  Probe  
  25  2:11  Warp Gate  
  25  2:18  Probe  
  25  2:20  Adept  
  28  2:26  Probe x2  
  28  2:34  Probe x2  
  28  2:36  Twilight Council  
  32  2:44  Probe x2  
  32  2:49  Stalker  
  36  2:52  Shield Battery  
  36  2:56  Probe x2  
  38  3:03  Gateway  
  38  3:08  Probe x2  
  38  3:09  Blink  
  38  3:11  Stalker  
  40  3:20  Probe  
  40  3:21  Probe  
  40  3:26  Pylon  
  44  3:32  Probe, Pylon  
  45  3:38  Probe  
  46  3:46  Pylon  
  46  3:50  Probe  
  44  3:58  Probe x2  
  41  4:04  Robotics Facility  
  41  4:05  Stalker  
  41  4:06  Stalker  
  41  4:08  Probe  
  45  4:10  Probe  
  45  4:15  Nexus  
  47  4:18  Pylon  
  47  4:19  Probe  
  47  4:23  Assimilator  
  48  4:29  Stalker  
  50  4:31  Stalker  
  50  4:35  Probe  
  53  4:39  Probe  
  53  4:41  Pylon  
  54  4:45  Gateway  
  54  4:48  Probe  
  54  4:52  Stalker, Observer  
  58  4:56  Stalker  
  60  5:00  Probe  
  60  5:05  Gateway  
  61  5:08  Pylon  
  61  5:10  Probe  
  62  5:17  Observer  
  62  5:20  Gateway  
  62  5:21  Probe, Gateway  
  63  5:25  Stalker  
  66  5:36  Probe  
  66  5:37  Robotics Bay  
  66  5:39  Probe  
  66  5:40  Stalker  
  66  5:41  Charge  
  70  5:45  Zealot  
  70  5:49  Zealot  
  74  5:51  Shield Battery  
  74  5:56  Probe x2  
  74  5:59  Zealot  
  74  6:00  Zealot  
  74  6:04  Stalker, Zealot  
  80  6:06  Probe  
  80  6:11  Probe x2  
  85  6:15  Pylon  
  85  6:18  Probe  
  81  6:20  Stalker  
  81  6:23  Probe x2  
  82  6:30  Probe  
  83  6:36  Stalker, Zealot x2  
  89  6:41  Probe  
  89  6:42  Probe  
  89  6:44  Probe  
  89  6:45  Colossus  
  92  6:53  Probe  
  93  6:55  Probe  
  93  6:59  Pylon  
  100  7:02  Probe  
  100  7:06  Probe  
  102  7:09  Forge x2  
  102  7:12  Stalker  
  102  7:13  Probe, Protoss Ground Armor Level 1  
  105  7:18  Protoss Ground Weapons Level 1  
  105  7:20  Probe  
  105  7:21  Probe  
  107  7:23  Sentry, Zealot x2, Assimilator  
  107  7:25  Probe  
  107  7:28  Zealot x2  
  118  7:31  Pylon  
  118  7:32  Probe  
  118  7:35  Assimilator  
  119  7:37  Probe  
  119  7:40  Probe  
  121  7:44  Probe  
  121  7:46  Assimilator  
  122  7:54  Colossus  
  128  8:02  Stalker, Zealot  
  128  8:05  Pylon x2  
  132  8:07  Pylon x2  
  132  8:11  Photon Cannon  
  132  8:19  Zealot  
  132  8:21  Pylon  
  132  8:23  Extended Thermal Lance  
  132  8:28  Stalker, Zealot x3  
  132  8:31  Zealot  
  136  8:40  Zealot  
  138  8:43  Pylon  
  142  8:53  Sentry, Disruptor  
  142  8:54  Gateway  
  142  8:55  Zealot x2  
  147  8:56  Pylon, Gateway  
  147  8:57  Sentry  
  147  8:58  Protoss Ground Armor Level 2  
  147  9:01  Photon Cannon  
  149  9:04  Protoss Ground Weapons Level 2  
  149  9:09  Stalker, Zealot  
  153  9:27  Pylon  
  153  9:29  Disruptor  
  156  9:36  Nexus  
  156  9:38  Nexus  
  156  9:40  Stalker, Sentry  
  156  9:41  Stalker x2  
  164  9:55  Pylon  
  164  10:03  Pylon  
  164  10:05  Stalker x5, Disruptor  
  176  10:09  Nexus  
  176  10:12  Stalker  
  176  10:13  Stalker x2  
  182  10:17  Pylon  
  182  10:25  Shield Battery  
  182  10:27  Shield Battery  
  182  10:29  Shield Battery  
  182  10:31  Photon Cannon  
  176  10:36  Stalker x2  
  176  10:37  Stalker  
  176  10:40  Stalker  
  184  10:43  Disruptor  
  187  10:55  Stalker x3  
  185  10:58  Zealot  
  175  11:08  Sentry  
  175  11:09  Stalker x2  
  169  11:16  Stalker  
  163  11:24  Stalker  
  163  11:25  Immortal  
  157  11:27  Probe x2  
  157  11:28  Probe x2  
  161  11:32  Unknown  
  161  11:38  Stalker, Zealot x4  
  161  11:39  Probe  
  172  11:45  Stalker  
  174  11:48  Stalker  
  174  11:49  Probe  
  171  11:57  Stalker  
  171  11:58  Probe x2  
  171  12:00  Probe  
  172  12:01  Probe  
  172  12:06  Probe  
  173  12:10  Probe  
  173  12:13  Probe x2  
  173  12:15  Probe  
  176  12:17  Stalker, Zealot x2  
  176  12:21  Zealot  
  185  12:23  Probe  
  185  12:25  Probe  
  177  12:34  Stalker, Sentry  
  177  12:35  Stalker x2, Disruptor  
  177  12:37  Probe x2  
  178  12:38  Probe  
  179  12:46  Stalker, Zealot x3  
  179  12:50  Unknown  
  187  13:01  Stalker, Zealot  
  191  13:06  Stalker x2  
  191  13:11  Stalker x2  
  199  13:14  Observer  
Show
View Real Time Build Order
Export as new Build Order

MarineLorD Terran - Winner!

Build Orders: Banshee Rush 

Get SALT Encoding   

  12  0:00  SCV  
  13  0:12  SCV  
  14  0:17  Supply Depot  
  14  0:24  SCV  
  15  0:38  SCV  
  15  0:39  Barracks  
  15  0:42  Refinery  
  16  0:50  SCV  
  17  1:02  SCV  
  18  1:15  SCV  
  19  1:26  Barracks Reactor  
  19  1:27  Orbital Command  
  19  1:41  Command Center  
  19  1:52  SCV  
  19  1:53  Supply Depot  
  20  2:01  Marine  
  20  2:02  Marine  
  20  2:04  SCV  
  23  2:13  Factory  
  23  2:16  SCV  
  23  2:19  Marine  
  23  2:20  Marine  
  26  2:28  SCV  
  27  2:37  Marine  
  27  2:38  Marine  
  27  2:40  SCV  
  30  2:46  Refinery  
  30  2:52  Orbital Command  
  30  2:53  SCV  
  31  2:58  Starport  
  31  3:03  Hellion x2  
  31  3:05  SCV  
  36  3:08  Barracks Tech Lab  
  36  3:17  SCV  
  36  3:18  SCV  
  38  3:24  Supply Depot  
  38  3:32  SCV x2  
  40  3:37  Marine x2, Factory Tech Lab  
  42  3:44  SCV x2  
  42  3:54  Marine  
  42  3:55  Marine  
  39  3:56  SCV  
  39  3:58  SCV  
  39  3:59  Cloaking Field  
  39  4:00  Banshee  
  41  4:04  Bunker, Siege Tank  
  41  4:08  SCV  
  45  4:10  SCV  
  45  4:12  Marine x2  
  45  4:17  Supply Depot  
  48  4:20  SCV  
  48  4:22  SCV  
  50  4:27  Command Center  
  50  4:30  Marine x2  
  52  4:36  SCV x2  
  57  4:38  Siege Tank  
  57  4:40  Supply Depot  
  57  4:45  Banshee  
  60  4:48  SCV  
  62  4:53  Supply Depot  
  62  4:54  Supply Depot  
  62  4:59  SCV  
  62  5:01  SCV, Marine x2  
  65  5:11  SCV  
  65  5:12  Barracks  
  65  5:13  SCV, Barracks  
  67  5:22  Marine x2  
  67  5:23  SCV  
  67  5:25  SCV  
  67  5:27  Engineering Bay, Refinery  
  67  5:28  Engineering Bay, Refinery  
  72  5:35  SCV  
  72  5:37  Factory Reactor  
  72  5:38  SCV  
  72  5:39  Marine  
  72  5:40  Marine  
  72  5:41  Orbital Command  
  75  5:43  Starport Reactor  
  75  5:51  SCV x2  
  77  5:57  Terran Infantry Weapons Level 1, Marine x2, Terran Infantry Armor Level 1  
  79  6:06  Stimpack, Marauder  
  79  6:08  Combat Shield  
  81  6:15  Orbital Command  
  81  6:17  SCV x2  
  83  6:20  Marine x2  
  83  6:21  Marauder  
  87  6:27  Supply Depot x2  
  87  6:28  Marauder  
  87  6:29  Widow Mine x2  
  93  6:39  Marine x2  
  93  6:40  Medivac x2  
  93  6:44  SCV x2  
  101  6:48  SCV  
  101  6:53  Supply Depot x2  
  102  6:54  Marauder x2  
  102  6:59  Widow Mine  
  102  7:00  Widow Mine  
  102  7:01  SCV x2  
  112  7:04  SCV  
  112  7:06  Marine x2  
  115  7:13  Armory  
  115  7:14  Medivac  
  117  7:16  Marauder x2  
  117  7:20  SCV x3  
  117  7:21  Refinery x2  
  124  7:25  Barracks  
  124  7:26  Marine x2  
  124  7:27  Barracks  
  126  7:32  SCV x2  
  126  7:33  SCV  
  129  7:37  Marauder x2  
  129  7:39  Supply Depot, Missile Turret  
  129  7:40  Missile Turret  
  133  7:44  Missile Turret  
  133  7:45  Supply Depot  
  133  7:46  Supply Depot  
  133  8:00  SCV, Ghost Academy, Marine x2  
  133  8:02  SCV  
  133  8:04  Command Center  
  133  8:05  Concussive Shells  
  141  8:07  SCV, Marauder  
  141  8:08  Marauder  
  146  8:13  SCV  
  146  8:14  SCV  
  146  8:19  Supply Depot  
  148  8:20  Supply Depot  
  148  8:21  Viking x2  
  148  8:24  Barracks Tech Lab  
  148  8:25  Barracks Reactor  
  148  8:32  Marine  
  150  8:38  Terran Infantry Armor Level 2, Terran Infantry Weapons Level 2  
  150  8:39  Enhanced Shockwaves, Terran Ship Weapons Level 1  
  150  8:40  Ghost  
  149  8:42  SCV x3  
  149  8:43  Missile Turret  
  152  8:50  Marauder x2, Marine x2  
  152  8:52  Sensor Tower  
  152  8:54  Viking x2  
  162  9:07  Marine x2  
  162  9:09  Marauder  
  166  9:11  Marauder x2  
  166  9:12  Barracks x2  
  166  9:15  Missile Turret, Barracks  
  170  9:20  SCV x3  
  173  9:31  Viking x2  
  173  9:32  Ghost, Refinery  
  173  9:35  Refinery  
  178  9:41  Supply Depot, Planetary Fortress  
  178  9:42  Supply Depot  
  178  9:45  Missile Turret  
  178  10:00  Ghost x2  
  178  10:01  Viking x2  
  178  10:06  Barracks Reactor, Barracks Tech Lab x2  
  186  10:17  Command Center  
  186  10:27  Missile Turret  
  186  10:42  Ghost  
  186  10:43  Ghost x2  
  186  10:44  Marauder x2, Marine  
  191  11:00  Viking x2  
  191  11:05  Marauder x2, Marine  
  191  11:06  Marine  
  191  11:10  Marine x3  
  191  11:12  Marauder x3  
  191  11:13  Marine  
  191  11:23  Marine  
  186  11:27  Marauder x2, Marine x3  
  186  11:29  Medivac  
  186  11:30  Medivac  
  186  11:32  Marine x2  
  197  11:41  Fusion Core, Starport, Marine  
  197  11:46  Marauder  
  200  12:01  Command Center  
  197  12:05  Marauder, Marine  
  197  12:06  Command Center  
  197  12:08  Command Center  
  175  12:31  Liberator x2  
  175  12:33  Marine  
  175  12:34  Marauder x3, Marine x2  
  175  12:36  Starport Reactor  
  184  12:44  Planetary Fortress  
  184  13:00  Missile Turret, Sensor Tower  
  184  13:01  Marauder, Missile Turret  
  184  13:02  Marauder x2  
  196  13:17  Orbital Command  
  195  13:20  Barracks  
  195  13:21  Barracks  
  195  13:22  Barracks  
  195  13:25  Unknown  
Tags
 
Add a new tag
Caveats
  • Supply blocks, unpowered buildings, or Contaminate may cause inaccurate times.
  • Supply counts are checked every 10 seconds.